 Dungeon Crawl Stone Soup version 0.25.1-9-gc5326a611f (webtiles) character file.

Game seed: 9083040909443296353

620 pokeman the Magician (level 7, 0/39 HPs)
             Began as a Deep Elf Wizard on Jan 2, 2021.
             Slain by a hornet zombie (8 damage)
             ... on level 5 of the Dungeon.
             The game lasted 00:11:24 (7438 turns).

pokeman the Magician (Deep Elf Wizard)              Turns: 7438, Time: 00:11:25

Health: 0/39       AC:  4    Str:  4    XL:     7   Next: 22%
Magic:  17/20      EV: 12    Int: 25    God:
Gold:   210        SH:  0    Dex: 13    Spells: 10/21 levels left

rFire    . . .     SeeInvis .   w - +0 falchion (drain)
rCold    . . .     Gourm    .   (no shield)
rNeg     + . .     Faith    .   h - +0 leather armour
rPois    .         Spirit   .   y - +0 helmet
rElec    .         Reflect  .   (no cloak)
rCorr    .         Harm     .   (no gloves)
MR       .....                  (no boots)
Stlth    +++.......             (no amulet)
HPRegen  0.13/turn              o - ring of positive energy
MPRegen  0.17/turn              v - ring of stealth

@: no status effects
A: no striking features
a: no special abilities


You were on level 5 of the Dungeon.
You were very hungry.

You visited 1 branch of the dungeon, and saw 5 of its levels.

You collected 210 gold pieces.

Inventory:

Hand Weapons
 w - a +0 falchion of draining (weapon)
Missiles
 s - 128 bolts
Armour
 h - a +0 leather armour (worn)
 y - a +0 helmet (worn)
Jewellery
 o - a ring of positive energy (left hand)
 v - a ring of stealth (right hand)
Wands
 p - a wand of enslavement (11)
Scrolls
 a - 6 scrolls of remove curse {unknown}
 c - 3 scrolls of enchant armour {unknown}
 f - a scroll of immolation {unknown}
 g - a scroll of blinking {unknown}
 i - a scroll of random uselessness {unknown}
 j - a scroll of magic mapping {unknown}
 m - a scroll of amnesia {unknown}
 n - a scroll of teleportation {unknown}
 q - 7 scrolls of identify {unknown}
 x - a scroll of fear {unknown}
Potions
 b - a potion of might {unknown}
 e - 8 potions of curing {unknown}
 k - a potion of ambrosia {unknown}
 l - a potion of degeneration {unknown}
 r - a potion of mutation {unknown}
 t - 2 potions of lignification {unknown}
 u - 2 potions of heal wounds {unknown}
 z - a potion of stabbing {unknown}
Comestibles
 d - 11 rations


   Skills:
 + Level 1.8 Fighting
 - Level 1.0 Armour
 - Level 3.0 Dodging
 - Level 3.1 Stealth
 * Level 7.8 Spellcasting
 + Level 3.9 Conjurations
 - Level 1.1 Summonings
 - Level 1.1 Translocations
 + Level 1.9 Fire Magic
 - Level 1.0 Air Magic
 - Level 1.0 Poison Magic
 - Level 1.0 Evocations


You had 10 spell levels left.
You knew the following spells:

 Your Spells              Type           Power        Failure   Level  Hunger
a - Magic Dart            Conj           ####         2%          1    None
b - Mephitic Cloud        Conj/Pois/Air  ###.....     14%         3    None
c - Call Imp              Summ           ###.....     11%         2    None
d - Blink                 Tloc           N/A          11%         2    None
e - Conjure Flame         Conj/Fire      ###.....     10%         3    None

Your spell library contained the following spells:

 Spells                   Type           Power        Failure   Level  Hunger
 Slow                     Hex            #.......     16%         2    None


Dungeon Overview and Level Annotations

Branches:
Dungeon (5/15)
 Temple: D:4-7

Altars:
Ashenzari
Xom


Message History

The fire begins to smolder!
The fire ignites!
There is a stone staircase leading up, spattered with blood here.
You hit the hornet zombie.
The hornet zombie is lightly damaged.
The hornet zombie is engulfed in blazing flames.
The hornet zombie barely misses you.
You closely miss the hornet zombie.
The hornet zombie is moderately damaged.
The hornet zombie is engulfed in blazing flames.
The hornet zombie hits you!
* * * LOW HITPOINT WARNING * * *
The hornet zombie is engulfed in blazing flames.
The hornet zombie hits you.
* * * LOW HITPOINT WARNING * * *
You barely miss the hornet zombie.
The hornet zombie is heavily damaged.
The hornet zombie is engulfed in blazing flames.
The hornet zombie hits you!
You die...

### #@# #Z# #.#
#####.#####
..........#####
#.............#
#.#.......###.####
#.#.......# #...Z#
#.#.......# ####o#


You could see a hornet zombie.

Vanquished Creatures
  A phantom (D:4)
  A bullfrog (D:4)
  A scorpion (D:5)
  A bullfrog zombie (D:5)
  A centaur skeleton (D:5)
  2 orc wizards (D:5)
  An iguana (D:4)
  3 worker ants (D:4)
  3 gnolls (D:4)
  2 adders (D:2)
  A shadow imp (D:5)
  An ooze (D:4)
  3 worms
  2 dart slugs
  4 leopard geckos (D:4)
  17 orcs
  A ball python (D:1)
  3 bats (D:1)
  8 giant cockroaches
  10 goblins
  18 hobgoblins
  7 jackals
  2 frilled lizards
  14 kobolds
  6 rats
113 creatures vanquished.

Vanquished Creatures (collateral kills)
  A gnoll (D:4)
  2 orcs (D:5)
  A kobold (D:4)
4 creatures vanquished.

Grand Total: 117 creatures vanquished

Notes
Turn   | Place    | Note
-------+----------+-------------------------------------------
     0 | D:1      | pokeman the Deep Elf Wizard began the quest for the Orb.
     0 | D:1      | Reached XP level 1. HP: 10/10 MP: 7/7
   295 | D:1      | Reached XP level 2. HP: 16/16 MP: 2/9
   824 | D:1      | Reached skill level 5 in Spellcasting
  1009 | D:1      | Reached XP level 3. HP: 20/20 MP: 8/11
  1014 | D:1      | Learned a level 3 spell: Mephitic Cloud
  1017 | D:1      | Learned a level 2 spell: Call Imp
  1020 | D:1      | Learned a level 2 spell: Blink
  1024 | D:1      | Learned a level 3 spell: Conjure Flame
  1765 | D:2      | Found a shattered altar of Ashenzari.
  1767 | D:2      | Found a white marble altar of Elyvilon.
  1767 | D:2      | Found an opulent altar of Gozag.
  1769 | D:2      | Found a shimmering altar of Xom.
  1769 | D:2      | Found a radiant altar of Vehumet.
  1769 | D:2      | Found a shimmering blue altar of Sif Muna.
  2005 | D:2      | Reached skill level 1 in Fighting
  2431 | D:2      | Reached skill level 1 in Armour
  2554 | D:2      | Reached XP level 4. HP: 20/25 MP: 9/13
  4886 | D:4      | Reached skill level 6 in Spellcasting
  4886 | D:4      | Reached skill level 1 in Air Magic
  4945 | D:4      | Reached XP level 5. HP: 29/29 MP: 9/15
  5564 | D:4      | Reached skill level 1 in Fire Magic
  5850 | D:4      | Noticed a phantom
  5861 | D:4      | Killed a phantom
  5861 | D:4      | Reached skill level 1 in Poison Magic
  5861 | D:4      | Reached XP level 6. HP: 25/34 MP: 6/17
  6038 | D:4      | Found a shattered altar of Ashenzari.
  6164 | D:4      | Reached skill level 7 in Spellcasting
  6725 | D:4      | Reached skill level 1 in Evocations
  6987 | D:5      | Entered Level 5 of the Dungeon
  7075 | D:5      | Reached XP level 7. HP: 34/38 MP: 11/20
  7438 | D:5      | Slain by a hornet zombie

Illustrated notes

Levels and vault maps discovered:
D:1:      dpeg_arrival_rooms_b, layout_basic, minmay_3d_cube
D:2:      layout_basic, doesnt_xom_only_xom
D:3:      layout_rooms
D:4:      corexii_shantytown, layout_layer_cave, st_stairs_1,
          evilmike_ruin_ashenzari
D:5:      layout_basic, minmay_temple_entry_proselytizer, first_ration,
          serial_shops, shop_scrolls, mrwooster_statue_mirror,
          kennysheep_pointless_box, nrook_loot_triangle,
          minmay_fractal_squares_diagonal_5

Skill      XL: |  1  2  3  4  5  6 |
---------------+-------------------+-----
Spellcasting   | 5 6 7 |  7.8
Conjurations   | 2 3 |  3.9
Fighting       | 1 |  1.8
Armour         | 1 |  1.0
Air Magic      | 1 |  1.0
Dodging        | 3 |  3.0
Fire Magic     | 1 |  1.9
Stealth        | 3 |  3.1
Poison Magic   | 1 |  1.0
Evocations     | 1 |  1.0
Summonings     | |  1.1
Translocations | |  1.1

Action                   |  1- 3 |  4- 6 |  7- 9 || total
-------------------------+-------+-------+-------++-------
Melee: Unarmed           |    14 |       |       ||    14
       Falchion          |       |    15 |     9 ||    24
 Cast: Magic Dart        |   114 |   199 |    31 ||   344
       Call Imp          |       |     1 |     3 ||     4
       Conjure Flame     |       |     1 |     1 ||     2
  Eat: Chunk             |     5 |     9 |     1 ||    15
       Ration            |       |     1 |       ||     1
Armor: Robe              |     5 |       |       ||     5
       Leather armour    |     5 |     7 |     5 ||    17
Dodge: Dodged            |    31 |    53 |    15 ||    99
       Rpst.: Falchion   |       |    15 |     3 ||    18
